 Dungeon Crawl Stone Soup version 0.28.0 (webtiles) character file.

Game seed: 543697027462430281

46 bande the Skirmisher (level 3, -3/24 HPs)
             Began as a Gargoyle Fighter on Feb 16, 2022.
             Killed from afar by Natasha (7 damage)
             ... with a magic dart
             ... on level 2 of the Dungeon.
             The game lasted 00:02:12 (1194 turns).

bande the Skirmisher (Gargoyle Fighter)             Turns: 1194, Time: 00:02:13

Health: -3/24      AC: 12    Str: 19    XL:     3   Next: 66%
Magic:  4/4        EV:  9    Int:  8    God:
Gold:   37         SH:  4    Dex: 11    Spells: 2/3 levels left

rFire   . . .      SeeInvis .   a - +1 war axe
rCold   . . .      Faith    .   c - +0 buckler
rNeg    + . .      Spirit   .   b - +0 scale mail
rPois   ∞          Reflect  .   (no helmet)
rElec   +          Harm     .   (no cloak)
rCorr   .          Rampage  .   h - +0 pair of gloves
Will    .....                   f - +0 pair of boots
Stlth   ..........              (no amulet)
HPRegen 0.08/turn               (no ring)
MPRegen 0.09/turn               (no ring)

@: no status effects
A: sickness immunity, AC +3, negative energy resistance 1, electricity
resistance, torment resistance 1, petrification resistance
a: no special abilities


You were on level 2 of the Dungeon.
You visited 1 branch of the dungeon, and saw 2 of its levels.

You collected 37 gold pieces.

Inventory:

Hand Weapons
 a - a +1 war axe (weapon)
Armour
 b - a +0 scale mail (worn)
 c - a +0 buckler (worn)
 f - a +0 pair of boots (worn)
 h - a +0 pair of gloves (worn)
Scrolls
 e - a scroll of identify
Potions
 d - a potion of might
 g - 2 potions of resistance


   Skills:
 + Level 3.7 Fighting
 + Level 2.4 Axes
 + Level 3.6 Armour
 + Level 3.5 Shields
 * Level 0.8 Spellcasting


You had 2 spell levels left.
You knew the following spells:

 Your Spells              Type           Power      Damage    Failure   Level
a - Apportation           Tloc           0%         N/A       83%         1

Your spell library contained the following spells:

 Spells                   Type           Power      Damage    Failure   Level
 Alistair's Intoxication  Tmut/Pois      0%         N/A       100%        5


Dungeon Overview and Level Annotations

Branches:
Dungeon (2/15)

Altars:

Annotations:
D:2 Natasha, Sigmund


Innate Abilities, Weirdness & Mutations

You are immune to sickness and miasma.
Your stone body is resilient. (AC +3)
You are immune to poison.
You resist negative energy. (rN+)
You are resistant to electric shocks. (rElec)
You are resistant to unholy torment.
You are immune to petrification.


Message History

The white imp gestures at you. The puff of frost hits you!
The goblin hits you but does no damage.
You barely miss the goblin.
The goblin is severely wounded.
You block Sigmund's attack. The goblin hits you but does no damage.
You slash the goblin!
You kill the goblin!
Sigmund gestures at you while chanting. The puff of flame misses you.
Natasha casts a spell.
Sigmund hits you from afar with a +0 scythe.
You are too injured to fight recklessly!
You are too injured to fight recklessly!
You are too injured to fight recklessly!
You are too injured to fight recklessly!
You are too injured to fight recklessly!
You are too injured to fight recklessly!
Unknown command.
Sigmund gestures at you while chanting. The puff of flame misses you.
The white imp gestures at you. The puff of frost hits you.
* * * LOW HITPOINT WARNING * * *
Natasha mumbles some strange words.
Sigmund casts a spell.
Sigmund flickers and vanishes!
Deactivating autopickup; reactivate with Ctrl-A.
A magic dart appears from out of thin air!
The magic dart hits you but does no damage.
The white imp gestures at you. The puff of frost hits you.
* * * LOW HITPOINT WARNING * * *
The white imp gestures at you. The puff of frost misses you.
The white imp gestures at you. The puff of frost hits you.
* * * LOW HITPOINT WARNING * * *
Natasha casts a spell at you. The magic dart hits you!
You die...

#########.......##
#......5h5........
#h################
#.# .... #.# ####
#.# ... #.# ###
#.# # #@# #.# #.#
#.#
#.################
#.......<.........
##################


You could see Natasha (resistant).

Vanquished Creatures
  2 dart slugs (D:1)
  5 ball pythons
  3 endoplasms
  4 giant cockroaches (D:1)
  6 goblins
  2 hobgoblins (D:1)
  3 quokkas
  4 bats (D:1)
  2 frilled lizards (D:1)
  3 kobolds
  4 rats
38 creatures vanquished.

Notes
Turn   | Place    | Note
-------+----------+-------------------------------------------
     0 | D:1      | bande the Gargoyle Fighter began the quest for the Orb.
     0 | D:1      | Reached XP level 1. HP: 14/14 MP: 1/1
    85 | D:1      | Reached XP level 2. HP: 19/19 MP: 2/2
   179 | D:1      | Learned a level 1 spell: Apportation
   377 | D:1      | Reached XP level 3. HP: 23/23 MP: 3/3
  1009 | D:2      | Found a faded altar of an unknown god.
  1167 | D:2      | Noticed Sigmund
  1169 | D:2      | Noticed Natasha
  1194 | D:2      | Killed from afar by Natasha

Illustrated notes

Levels and vault maps discovered:
D:1:      saegor_arrival_simple_a, layout_basic, minmay_pentomino_q4
D:2:      layout_basic, chequers_ecumenical_altar_simple, uniq_terence,
          uniq_natasha, uniq_sigmund, uniq_jessica

Skill      XL: |  1 |
---------------+----+-----
Axes           | 2 |  2.4
Fighting       | |  3.7
Armour         | |  3.6
Shields        | |  3.5
Spellcasting   | |  0.8

Action                   || total
-------------------------++-------
Melee: War axe           ||    84
  Use: Scroll            ||     2
Armor: Scale mail        ||    49
Dodge: Dodged            ||    43
Block: Buckler           ||    19
